 Dungeon Crawl Stone Soup version 0.30-a0-989-g0d87f670db (webtiles) character file.

Game seed: 13144247685675369043

14 Pimp the Trooper (level 2, -9/25 HPs)
             Began as a Barachi Wanderer on Apr 3, 2023.
             Mangled by an iguana (12 damage)
             ... on level 2 of the Dungeon.
             The game lasted 00:01:44 (790 turns).

Pimp the Trooper (Barachi Wanderer)                  Turns: 790, Time: 00:01:45

Health: -9/25      AC:  3    Str: 10    XL:     2   Next: 41%
Magic:  3/3        EV: 10    Int: 11    God:
Gold:   72         SH:  0    Dex: 15    Spells: 3/3 levels left

rFire   . . .      SeeInvis .    a - +1 rapier
rCold   . . .      Faith    .    (no shield)
rNeg    . . .      Spirit   .    f - +0 leather armour
rPois   .          Reflect  .    (no helmet)
rElec   .          Rampage  .    (no cloak)
rCorr   .                        (no gloves)
Will    .....                    (no boots)
Stlth   ++                       (no amulet)
HPRegen 0.24/turn                (no ring)
MPRegen 0.08/turn                (no ring)

@: slow
A: amphibious, slowness 1, strong legs 1, +LOS
a: Hop


You were on level 2 of the Dungeon.
You visited 1 branch of the dungeon, and saw 2 of its levels.

You collected 72 gold pieces.

Inventory:

Hand Weapons
 a - a +1 rapier (weapon)
 b - a +0 sling
Armour
 d - a +0 robe
 f - a +0 leather armour (worn)
Potions
 c - a potion of resistance {unknown}
 e - a potion of heal wounds
 h - 2 potions of brilliance {unknown}
 i - a potion of lignification {unknown}


   Skills:
 + Level 3.8 Fighting
 + Level 3.4 Short Blades
 + Level 1.2 Ranged Weapons
 + Level 1.2 Throwing
 + Level 1.2 Stealth
 + Level 1.3 Spellcasting


You had 3 spell levels left.
You didn't know any spells.
Your spell library was empty.

Dungeon Overview and Level Annotations

Branches:
Dungeon (2/15)

Altars:


Innate Abilities, Weirdness & Mutations

You are amphibious.
You cover ground slowly.
You can hop short distances.
You have an extended range of vision and can be seen from far away.


Message History

The kobold throws a stone.
The stone closely misses you.
A kobold comes into view. It is wielding a +0 club.
Fire: b) +0 sling
Press: ? - help, Q - select action, (/) - cycle Shift-Dir - straight line, f/p - kobold
Aim: a kobold, wielding a +0 club and quivering stones (47% to hit)
You shoot a sling bullet.
The sling bullet closely misses the kobold.
An iguana comes into view.
There is a stone staircase leading up here.
Fire: b) +0 sling
Press: ? - help, Q - select action, (/) - cycle Shift-Dir - straight line, f/p - kobold
Aim: a kobold, wielding a +0 club and quivering stones (47% to hit)
You shoot a sling bullet. The sling bullet hits the kobold.
You kill the kobold!
The kobold hits you but does no damage.
Unknown command.
Fire: b) +0 sling
Press: ? - help, Q - select action, (/) - cycle Shift-Dir - straight line, f - kobold
Aim: a kobold, wielding a +0 club (47% to hit)
You shoot a sling bullet.
The sling bullet barely misses the kobold.
The kobold hits you but does no damage. The iguana attacks as you move away!
The iguana bites you. The kobold hits you but does no damage.
The iguana attacks as you move away! The iguana bites you!
The iguana bites you.
* * * LOW HITPOINT WARNING * * *
a - a +1 rapier (weapon)
You completely miss the iguana.
The iguana bites you but does no damage.
You barely miss the iguana. The iguana closely misses you.
You hit the iguana but do no damage. The iguana closely misses you.
You hit the iguana.
The iguana is moderately wounded.
The iguana bites you.
* * * LOW HITPOINT WARNING * * *
You hit the iguana.
The iguana is heavily wounded.
The iguana bites you!
You die...

# #. .##
#..#######...#..
#....@lK........
#.#####.#..####
####.###..<..##
#.........##.#
...##....## ...
#....# #...
#....# ###..
#.)..# # .....##


You could see an iguana and a kobold.

Vanquished Creatures
  A dart slug (D:1)
  An endoplasm (D:1)
  3 kobolds
  A quokka (D:1)
  2 bats (D:1)
  2 frilled lizards (D:1)
  2 rats (D:1)
12 creatures vanquished.

Notes
Turn   | Place    | Note
-------+----------+-------------------------------------------
     0 | D:1      | Pimp the Barachi Wanderer began the quest for the Orb.
     0 | D:1      | Pimp set off with the following items: a +1 rapier, a +0
                  | sling, a scroll of teleportation, a +0 robe.
     0 | D:1      | Reached XP level 1. HP: 18/18 MP: 2/2
   431 | D:1      | Reached XP level 2. HP: 25/25 MP: 3/3
   734 | D:1      | Found a faded altar of an unknown god.
   790 | D:2      | Mangled by an iguana

Illustrated notes

Levels and vault maps discovered:
D:1:      tarquinn_simple_flora_water_d, layout_rooms,
          shapermc_ecumenical_altar_mp_urbaneastern
D:2:      layout_rooms, basic_altar

Action                     || total
---------------------------++-------
  Melee: Rapier            ||    17
   Fire: Sling             ||    25
    Use: Scroll            ||     2
   Stab: Sleeping          ||     1
 Armour: Robe              ||     8
         Leather armour    ||     7
  Dodge: Dodged            ||    21

Table legend: (Time is in decaauts)
 A = Elapsed time spent in this place.
 B = Non-inter-level travel time spent in this place.
 C = Inter-level travel time spent in this place.
 D = Time resting spent in this place.
 E = Time spent auto-exploring this place.
 F = Levels seen in this place.
 G = Mean time per level.
                   A        B        C        D        E       F      G
               +--------+--------+--------+--------+--------+-----+--------+
         Total |    897 |    859 |     38 |    200 |    495 |   2 |  448.5 |
       Dungeon |    897 |    859 |     38 |    200 |    495 |   2 |  448.5 |
               +--------+--------+--------+--------+--------+-----+--------+

Top non-repeatable levels by time:
     D:1: 872 daAuts
     D:2: 25 daAuts
